San Jose Sharks vs St.Louis Blues

Created - Tuesday, November 25, 2025 at 08:06

Goals
1 2 3 T
San Jose Sharks 1 0 1 2
St.Louis Blues 0 0 3 3
Shots
1 2 3 T
San Jose Sharks 13 8 5 26
St.Louis Blues 9 6 30 45

1st period

1. San Jose Sharks , Carter Verhaeghe 1 (Ilya Mikheyev 1) at 16:25

Penalties :
Casey Cizikas (SJS) for Slashing (Minor) at 1:29, Max Domi (SJS) for Roughing (Minor) at 12:17

2nd period

No Goal

Penalties :
Connor Murphy (SJS) for Holding (Minor) at 5:47, Marcus Pettersson (SJS) for Roughing (Minor) at 15:11

3rd period

2. St.Louis Blues , Jake Sanderson 1 (Jake Guentzel 1, Colton Parayko 1) at 2:51
3. San Jose Sharks , Anthony Beauvillier 1 (Marcus Pettersson 1) at 3:10
4. St.Louis Blues , Brandon Hagel 1 (Jack Eichel 1, Jake Sanderson 1) at 4:39
5. St.Louis Blues , Alex Tuch 1 (Jack Eichel 2, Brandon Hagel 1) at 18:27 (PP)

Penalties :
Marcus Pettersson (SJS) for Hooking (Minor) at 13:51, Marcus Pettersson (SJS) for Tripping (Minor) at 17:35

Goalie Stats

Jakub Dobes (SJS), 42 saves from 45 shots - (0.933), L, 0-1-0, 58:34 minutes
Connor Hellebuyck (STL), 24 saves from 26 shots - (0.923), W, 1-0-0, 60:00 minutes

Players Stats for San Jose Sharks

Player Name              G  A  P  +/- PIM S  H  SB GA TA FO     MP     PP MP  PK MP  
------------------------------------------------------------------------------------
Alexander Wennberg       0  0  0   1  0   4  0  0  0  0  11/22  19:50   0:00   5:27 
Andre Burakovsky         0  0  0  -1  0   2  1  0  2  0  0/1    13:09   0:00   0:00 
Anthony Beauvillier      1  0  1   1  0   4  1  0  0  0  0/0    17:22   0:00   5:27 
Brandon Tanev            0  0  0  -1  0   0  1  0  0  2  0/1     8:25   0:00   0:00 
Carter Verhaeghe         1  0  1   1  0   4  2  0  0  1  0/1    21:04   0:00   5:20 
Casey Cizikas            0  0  0  -1  2   0  1  0  0  0  0/4     8:24   0:00   0:00 
Connor Murphy            0  0  0   0  2   0  0  5  0  2  0/0    27:37   0:00   5:36 
Ilya Mikheyev            0  1  1   1  0   2  0  0  1  0  0/1    11:46   0:00   0:00 
Jon Merrill              0  0  0   0  0   0  0  0  0  1  0/0    15:53   0:00   1:58 
Josh Manson              0  0  0  -1  0   1  1  3  0  1  0/0    18:01   0:00   4:48 
Justin Barron            0  0  0   0  0   0  0  2  0  3  0/0    19:58   0:00   6:33 
Kevin Fiala              0  0  0   1  0   2  3  0  1  0  2/10   21:04   0:00   5:20 
Marcus Pettersson        0  1  1   1  6   1  1  2  0  2  0/0    22:59   0:00   2:39 
Mark Jankowski           0  0  0  -1  0   2  1  0  0  0  0/0     8:25   0:00   0:00 
Mattias Samuelsson       0  0  0   0  0   0  1  2  0  0  0/0    15:37   0:00   0:00 
Max Domi                 0  0  0  -1  2   0  0  0  2  2  1/2    13:34   0:00   0:00 
Morgan Geekie            0  0  0   1  0   4  1  0  1  0  4/10   11:46   0:00   0:00 
Travis Boyd              0  0  0  -1  0   0  1  0  0  0  4/14   14:13   0:00   0:00 

Players Stats for St.Louis Blues

Player Name              G  A  P  +/- PIM S  H  SB GA TA FO     MP     PP MP  PK MP  
------------------------------------------------------------------------------------
Adam Pelech              0  0  0   0  0   0  0  0  0  3  0/0    11:39   0:00   0:00 
Alex Tuch                1  0  1   0  0   1  2  0  1  0  0/0    19:27   4:53   0:00 
Brandon Hagel            1  1  2   0  0   4  0  0  2  0  0/0    19:27   4:53   0:00 
Brayden Point            0  0  0   1  0   12 0  0  2  0  0/2    20:32   5:54   0:00 
Colton Parayko           0  1  1   2  0   1  1  0  0  1  0/0    18:46   0:00   0:00 
Connor Clifton           0  0  0   0  0   2  2  0  0  0  0/0    11:39   0:00   0:00 
Elias Pettersson         0  0  0   0  0   3  1  0  2  0  0/0    11:59   0:00   0:00 
Isac Lundestrom          0  0  0  -1  0   1  0  0  0  0  2/3     8:31   0:00   0:00 
Jaccob Slavin            0  0  0  -2  0   2  0  0  0  1  0/0    16:26   0:00   0:00 
Jack Eichel              0  2  2   0  0   2  0  0  3  0  7/13   22:03   6:41   0:00 
Jake Guentzel            0  1  1   1  0   4  0  1  2  1  4/5    20:13   5:54   0:00 
Jake Sanderson           1  1  2   2  0   3  1  0  0  1  0/0    27:30   6:41   0:00 
Joona Koppanen           0  0  0  -1  0   0  1  0  0  0  0/0     7:27   0:00   0:00 
Logan O'Connor           0  0  0  -1  0   1  0  1  1  0  0/0     8:31   0:00   0:00 
Mark Stone               0  0  0   0  0   0  2  0  0  0  0/0    16:59   4:06   0:00 
Mikhail Sergachev        0  0  0  -2  0   2  1  0  0  0  0/0    20:51   4:06   0:00 
Robert Thomas            0  0  0   1  0   6  2  0  1  0  23/32  20:13   5:54   0:00 
Vincent Trocheck         0  0  0   0  0   1  3  0  0  0  8/11   17:47   4:53   0:00 

3 Stars

1 - Jake Sanderson (STL)
2 - Brandon Hagel (STL)
3 - Jakub Dobes (SJS)

Power Play

San Jose Sharks - 0 on 0 Attempt(s) - 0.00%
St.Louis Blues - 1 on 6 Attempt(s) - 16.67%

Penalty Kill

San Jose Sharks - 5 on 6 Attempt(s) - 83.33% - Score 0 goal in Penalty Kill
St.Louis Blues - 0 on 0 Attempt(s) - 0.00% - Score 0 goal in Penalty Kill

Team Stat

San Jose Sharks - Hits : 15 - Faceoff Wins : 22 - Blocked Shots : 14 - Penalty Minutes : 12
St.Louis Blues - Hits : 16 - Faceoff Wins : 44 - Blocked Shots : 2 - Penalty Minutes : 0

Official

Referees : Morgan Macphee and Pierre Lambert
Linesman : Bevan Mills and Tommy Hughes

Game Notes

2:03 of 3rd period - St.Louis Blues goal is going for a video replay. After video review, No Goal. The net was displaced accidentally.

Finance

Level 1 -- Attendance: 6000 (100.00%) -- Ticket Income $570,000
Level 2 -- Attendance: 4566 (91.32%) -- Ticket Income $260,262
Level 3 -- Attendance: 3000 (100.00%) -- Ticket Income $99,000
Level 4 -- Attendance: 4856 (97.12%) -- Ticket Income $111,688
Luxury Box -- Attendance: 929 (92.90%) -- Ticket Income $180,226
Game was played at the Scottrade Center.
Total Attendance: 19351 (96.76%)
Total Ticket Income: $1,221,176
Other Income: $427,412
Total Income: $1,648,588

San Jose Sharks

5 vs 5 Forward 
   Center                   Left Wing                Right Wing               Time % Phy DF OF 
 1 Alexander Wennberg       Kevin Fiala              Carter Verhaeghe         30     1   2  2  
 2 Travis Boyd              Max Domi                 Andre Burakovsky         30     1   2  2  
 3 Morgan Geekie            Anthony Beauvillier      Ilya Mikheyev            25     1   2  2  
 4 Casey Cizikas            Brandon Tanev            Mark Jankowski           15     1   2  2  

5 vs 5 Defense 
   Defense                  Defense                                           Time % Phy DF OF 
 1 Mattias Samuelsson       Connor Murphy                                     30     1   2  2  
 2 Jon Merrill              Marcus Pettersson                                 30     1   2  2  
 3 Josh Manson              Justin Barron                                     25     1   2  2  
 4 Marcus Pettersson        Connor Murphy                                     15     1   2  2  

PowerPlay Forward 
   Center                   Left Wing                Right Wing               Time % Phy DF OF 
 1 Alexander Wennberg       Kevin Fiala              Carter Verhaeghe         50     1   2  2  
 2 Ilya Mikheyev            Max Domi                 Andre Burakovsky         50     1   2  2  

PowerPlay Defense
   Defense                  Defense                                           Time % Phy DF OF 
 1 Justin Barron            Connor Murphy                                     50     1   2  2  
 2 Josh Manson              Marcus Pettersson                                 50     1   2  2  

Penalty Kill 4 Players Forward 
   Center                   Wing                     Time % Phy DF OF 
 1 Kevin Fiala              Carter Verhaeghe         50     1   2  2  
 2 Alexander Wennberg       Anthony Beauvillier      50     1   2  2  

Penalty Kill 4 Players Defense
   Defense                  Defense                  Time % Phy DF OF 
 1 Josh Manson              Connor Murphy            50     1   2  2  
 2 Justin Barron            Marcus Pettersson        50     1   2  2  

Penalty Kill - 3 Players Forward 
   Forward                                           Time % Phy DF OF 
 1 Kevin Fiala                                       50     1   2  2  
 2 Carter Verhaeghe                                  50     1   2  2  

Penalty Kill - 3 Players Defense
   Defense                  Defense                  Time % Phy DF OF 
 1 Josh Manson              Connor Murphy            50     1   2  2  
 2 Justin Barron            Marcus Pettersson        50     1   2  2  

4 vs 4 Forward 
   Center                   Wing                     Time % Phy DF OF 
 1 Alexander Wennberg       Kevin Fiala              50     1   2  2  
 2 Max Domi                 Carter Verhaeghe         50     1   2  2  

4 vs 4 Defense
   Defense                  Defense                  Time % Phy DF OF 
 1 Justin Barron            Connor Murphy            50     1   2  2  
 2 Josh Manson              Marcus Pettersson        50     1   2  2  

Last Minutes Offensive
   Center                   Left Wing                Right Wing               Defense                  Defense                  
   Carter Verhaeghe         Kevin Fiala              Travis Boyd              Mattias Samuelsson       Connor Murphy            

Last Minutes Defensive
   Center                   Left Wing                Right Wing               Defense                  Defense                  
   Carter Verhaeghe         Kevin Fiala              Travis Boyd              Mattias Samuelsson       Connor Murphy            

Goaltenders
Starting : Jakub Dobes              
Backup : Jacob Markstrom          

Extra Forwards
Normal : Ilya Mikheyev, Kevin Fiala, Anthony Beauvillier - PP : Ilya Mikheyev, Carter Verhaeghe - PK : Anthony Beauvillier
Extra Defensemen
Normal : Josh Manson, Justin Barron, Connor Murphy - PP : Josh Manson - PK : Justin Barron, Connor Murphy
Penalty Shots
Kevin Fiala, Carter Verhaeghe, Alexander Wennberg, Travis Boyd, Max Domi

Scratches
Adam Henrique (Healthy), Danton Heinen (Healthy), Jake McCabe (Healthy)

St.Louis Blues

5 vs 5 Forward 
   Center                   Left Wing                Right Wing               Time % Phy DF OF 
 1 Robert Thomas            Jake Guentzel            Brayden Point            35     0   2  3  
 2 Jack Eichel              Brandon Hagel            Alex Tuch                35     0   2  3  
 3 Vincent Trocheck         Elias Pettersson         Mark Stone               25     1   2  2  
 4 Isac Lundestrom          Joona Koppanen           Logan O'Connor           5      1   3  1  

5 vs 5 Defense 
   Defense                  Defense                                           Time % Phy DF OF 
 1 Jake Sanderson           Colton Parayko                                    45     0   3  2  
 2 Mikhail Sergachev        Jaccob Slavin                                     35     0   3  2  
 3 Adam Pelech              Connor Clifton                                    20     1   2  2  
 4 Jake Sanderson           Colton Parayko                                    0      0   3  2  

PowerPlay Forward 
   Center                   Left Wing                Right Wing               Time % Phy DF OF 
 1 Robert Thomas            Jake Guentzel            Brayden Point            60     0   0  5  
 2 Vincent Trocheck         Brandon Hagel            Alex Tuch                40     1   0  4  

PowerPlay Defense
   Defense                  Defense                                           Time % Phy DF OF 
 1 Jack Eichel              Jake Sanderson                                    60     0   0  5  
 2 Mark Stone               Mikhail Sergachev                                 40     0   1  4  

Penalty Kill 4 Players Forward 
   Center                   Wing                     Time % Phy DF OF 
 1 Vincent Trocheck         Joona Koppanen           50     1   2  2  
 2 Isac Lundestrom          Logan O'Connor           50     1   2  2  

Penalty Kill 4 Players Defense
   Defense                  Defense                  Time % Phy DF OF 
 1 Jaccob Slavin            Connor Clifton           50     2   3  0  
 2 Jake Sanderson           Colton Parayko           50     2   3  0  

Penalty Kill - 3 Players Forward 
   Forward                                           Time % Phy DF OF 
 1 Vincent Trocheck                                  50     0   5  0  
 2 Isac Lundestrom                                   50     0   5  0  

Penalty Kill - 3 Players Defense
   Defense                  Defense                  Time % Phy DF OF 
 1 Jaccob Slavin            Connor Clifton           50     0   5  0  
 2 Jake Sanderson           Colton Parayko           50     0   5  0  

4 vs 4 Forward 
   Center                   Wing                     Time % Phy DF OF 
 1 Jack Eichel              Brayden Point            50     0   2  3  
 2 Robert Thomas            Jake Guentzel            50     0   2  3  

4 vs 4 Defense
   Defense                  Defense                  Time % Phy DF OF 
 1 Jake Sanderson           Mikhail Sergachev        50     0   3  2  
 2 Colton Parayko           Jaccob Slavin            50     0   3  2  

Last Minutes Offensive
   Center                   Left Wing                Right Wing               Defense                  Defense                  
   Robert Thomas            Jack Eichel              Jake Guentzel            Brayden Point            Mikhail Sergachev        

Last Minutes Defensive
   Center                   Left Wing                Right Wing               Defense                  Defense                  
   Vincent Trocheck         Isac Lundestrom          Logan O'Connor           Jake Sanderson           Jaccob Slavin            

Goaltenders
Starting : Connor Hellebuyck        
Backup : Scott Wedgewood          

Extra Forwards
Normal : Brandon Hagel, Jake Guentzel, Alex Tuch - PP : Vincent Trocheck, Brayden Point - PK : Jack Eichel
Extra Defensemen
Normal : Jake Sanderson, Mikhail Sergachev, Colton Parayko - PP : Jake Sanderson - PK : Jaccob Slavin, Jake Sanderson
Penalty Shots
Vincent Trocheck, Jack Eichel, Brayden Point, Jake Guentzel, Brandon Hagel

Scratches
Artem Zub (Healthy), Luke Glendening (Healthy), Yanni Gourde (Healthy)

% Time on Ice - San Jose Sharks

Lines # - Real PCT - Wanted PCT - Time Play
Normal Forward
1 - 30% - 30% - 14:40
2 - 28% - 30% - 13:18
3 - 24% - 25% - 11:46
4 - 17% - 15% - 8:25
Normal Defense
1 - 31% - 30% - 15:08
2 - 30% - 30% - 14:14
3 - 26% - 25% - 12:38
4 - 13% - 15% - 6:09
PP Forward
1 - 0% - 50%
2 - 0% - 50%
PP Defense
1 - 0% - 50%
2 - 0% - 50%
PK Forward
1 - 49% - 50% - 5:20
2 - 51% - 50% - 5:27
PK Defense
1 - 45% - 50% - 4:48
2 - 55% - 50% - 5:59
PK3 Forward
1 - 0% - 50%
2 - 0% - 50%
PK3 Defense
1 - 0% - 50%
2 - 0% - 50%
44 Forward
1 - 0% - 50%
2 - 0% - 50%
44 Defense
1 - 0% - 50%
2 - 0% - 50%
Last Minute Offensive  - 1:04
Last Minute Defensive  - 0:00
Total
Forward - 60:00
Defense - 60:00

% Time on Ice - St.Louis Blues

Lines # - Real PCT - Wanted PCT - Time Play
Normal Forward
1 - 30% - 35% - 14:19
2 - 30% - 35% - 14:34
3 - 25% - 25% - 11:49
4 - 15% - 5% - 7:27
Normal Defense
1 - 41% - 45% - 19:45
2 - 35% - 35% - 16:45
3 - 24% - 20% - 11:39
4 - 0% - 0% - 0:00
PP Forward
1 - 55% - 60% - 5:54
2 - 45% - 40% - 4:53
PP Defense
1 - 62% - 60% - 6:41
2 - 38% - 40% - 4:06
PK Forward
1 - 0% - 50%
2 - 0% - 50%
PK Defense
1 - 0% - 50%
2 - 0% - 50%
PK3 Forward
1 - 0% - 50%
2 - 0% - 50%
PK3 Defense
1 - 0% - 50%
2 - 0% - 50%
44 Forward
1 - 0% - 50%
2 - 0% - 50%
44 Defense
1 - 0% - 50%
2 - 0% - 50%
Last Minute Offensive  - 0:00
Last Minute Defensive  - 1:04
Total
Forward - 60:00
Defense - 60:00

Play-by-Play

1st period


0:01 of 1st period - Alexander Wennberg wins face-off versus Jake Guentzel in neutral zone.
1:05 of 1st period - Off-side.
1:06 of 1st period - Vincent Trocheck wins face-off versus Brandon Tanev in neutral zone.
1:29 of 1st period - Minor Penalty to Casey Cizikas for Slashing.
1:30 of 1st period - Robert Thomas wins face-off versus Kevin Fiala in San Jose Sharks zone.
1:41 of 1st period - Wrist shot by Brayden Point.
1:41 of 1st period - Stopped by Jakub Dobes with a rebound.
1:43 of 1st period - Snap shot by Jake Guentzel.
1:43 of 1st period - Stopped by Jakub Dobes with a rebound.
2:03 of 1st period - Snap shot by Brandon Hagel.
2:03 of 1st period - Stopped by Jakub Dobes with a rebound.
2:05 of 1st period - Slapshot by Jake Sanderson.
2:05 of 1st period - Shot Blocked by Marcus Pettersson.
2:07 of 1st period - Snap shot by Jake Sanderson.
2:07 of 1st period - Deflect By Marcus Pettersson.
2:07 of 1st period - Stopped by Jakub Dobes without a rebound.
2:08 of 1st period - Robert Thomas wins face-off versus Alexander Wennberg in San Jose Sharks zone.
2:23 of 1st period - Wrist shot by Alexander Wennberg.
2:23 of 1st period - Stopped by Connor Hellebuyck with a rebound.
2:55 of 1st period - Josh Manson is hit by Robert Thomas and loses puck.
3:29 of 1st period - Penalty to Casey Cizikas is over, Casey Cizikas is back on ice.
5:26 of 1st period - Snap shot by Mark Jankowski.
5:26 of 1st period - Shot Misses the Net.
5:38 of 1st period - Slapshot by Isac Lundestrom.
5:38 of 1st period - Shot Blocked by Mattias Samuelsson.
6:08 of 1st period - Slapshot by Ilya Mikheyev.
6:08 of 1st period - Stopped by Connor Hellebuyck without a rebound.
6:09 of 1st period - Morgan Geekie wins face-off versus Vincent Trocheck in St.Louis Blues zone.
6:42 of 1st period - Snap shot by Anthony Beauvillier.
6:42 of 1st period - Stopped by Connor Hellebuyck without a rebound.
6:43 of 1st period - Robert Thomas wins face-off versus Alexander Wennberg in St.Louis Blues zone.
6:48 of 1st period - Robert Thomas is hit by Carter Verhaeghe and loses puck.
9:14 of 1st period - Icing by Jon Merrill.
9:15 of 1st period - Isac Lundestrom wins face-off versus Casey Cizikas in San Jose Sharks zone.
9:22 of 1st period - Snap shot by Mark Jankowski.
9:22 of 1st period - Stopped by Connor Hellebuyck without a rebound.
9:23 of 1st period - Jack Eichel wins face-off versus Alexander Wennberg in St.Louis Blues zone.
9:23 of 1st period - Jack Eichel is hit by Kevin Fiala.
9:55 of 1st period - Connor Clifton is hit by Mattias Samuelsson and loses puck.
10:06 of 1st period - Wrist shot by Carter Verhaeghe.
10:06 of 1st period - Stopped by Connor Hellebuyck with a rebound.
10:08 of 1st period - Wrist shot by Alexander Wennberg.
10:08 of 1st period - Shot Misses the Net.
10:10 of 1st period - Snap shot by Alexander Wennberg.
10:10 of 1st period - Stopped by Connor Hellebuyck with a rebound.
10:14 of 1st period - Snap shot by Alexander Wennberg.
10:14 of 1st period - Stopped by Connor Hellebuyck with a rebound.
10:16 of 1st period - Wrist shot by Kevin Fiala.
10:16 of 1st period - Stopped by Connor Hellebuyck with a rebound.
10:40 of 1st period - Wrist shot by Carter Verhaeghe.
10:40 of 1st period - Stopped by Connor Hellebuyck with a rebound.
11:06 of 1st period - Snap shot by Brandon Hagel.
11:06 of 1st period - Shot Blocked by Connor Murphy.
11:13 of 1st period - Off-side.
11:14 of 1st period - Robert Thomas wins face-off versus Travis Boyd in neutral zone.
11:19 of 1st period - Wrist shot by Andre Burakovsky.
11:19 of 1st period - Shot Misses the Net.
11:21 of 1st period - Slapshot by Josh Manson.
11:21 of 1st period - Deflect By Andre Burakovsky.
11:21 of 1st period - Stopped by Connor Hellebuyck without a rebound.
11:22 of 1st period - Robert Thomas wins face-off versus Travis Boyd in St.Louis Blues zone.
11:29 of 1st period - Wrist shot by Brayden Point.
11:29 of 1st period - Stopped by Jakub Dobes without a rebound.
11:30 of 1st period - Robert Thomas wins face-off versus Travis Boyd in San Jose Sharks zone.
11:31 of 1st period - Wrist shot by Brayden Point.
11:31 of 1st period - Stopped by Jakub Dobes without a rebound.
11:32 of 1st period - Robert Thomas wins face-off versus Andre Burakovsky in San Jose Sharks zone.
11:33 of 1st period - Wrist shot by Brayden Point.
11:33 of 1st period - Stopped by Jakub Dobes with a rebound.
11:35 of 1st period - Snap shot by Jake Sanderson.
11:35 of 1st period - Shot Blocked by Josh Manson.
11:37 of 1st period - Wrist shot by Colton Parayko.
11:37 of 1st period - Deflect By Brayden Point.
11:37 of 1st period - Stopped by Jakub Dobes with a rebound.
11:39 of 1st period - Wrist shot by Robert Thomas.
11:39 of 1st period - Shot Misses the Net.
11:41 of 1st period - Snap shot by Robert Thomas.
11:41 of 1st period - Shot Misses the Net.
11:43 of 1st period - Slapshot by Robert Thomas.
11:43 of 1st period - Shot Misses the Net.
11:45 of 1st period - Backhand shot by Jake Guentzel.
11:45 of 1st period - Shot Misses the Net.
11:59 of 1st period - Snap shot by Jake Sanderson.
11:59 of 1st period - Shot Misses the Net.
12:01 of 1st period - Snap shot by Isac Lundestrom.
12:01 of 1st period - Stopped by Jakub Dobes with a rebound.
12:17 of 1st period - Minor Penalty to Max Domi for Roughing.
12:18 of 1st period - Alexander Wennberg wins face-off versus Robert Thomas in San Jose Sharks zone.
12:33 of 1st period - Wrist shot by Robert Thomas.
12:33 of 1st period - Shot Misses the Net.
12:56 of 1st period - Alexander Wennberg is hit by Alex Tuch and loses puck.
13:32 of 1st period - Icing by Mikhail Sergachev.
13:33 of 1st period - Robert Thomas wins face-off versus Kevin Fiala in St.Louis Blues zone.
13:44 of 1st period - Jake Sanderson is hit by Marcus Pettersson and loses puck.
14:17 of 1st period - Penalty to Max Domi is over, Max Domi is back on ice.
14:29 of 1st period - Wrist shot by Kevin Fiala.
14:29 of 1st period - Stopped by Connor Hellebuyck with a rebound.
14:37 of 1st period - Connor Murphy is hit by Joona Koppanen and loses puck.
15:04 of 1st period - Snap shot by Morgan Geekie.
15:04 of 1st period - Shot Misses the Net.
16:25 of 1st period - Slapshot by Carter Verhaeghe.
16:25 of 1st period - Goal by Carter Verhaeghe - San Jose Sharks : 1 - St.Louis Blues : 0.
16:26 of 1st period - Robert Thomas wins face-off versus Morgan Geekie in neutral zone.
18:03 of 1st period - Snap shot by Ilya Mikheyev.
18:03 of 1st period - Shot Misses the Net.
18:38 of 1st period - Off-side.
18:39 of 1st period - Vincent Trocheck wins face-off versus Kevin Fiala in neutral zone.
18:47 of 1st period - Mark Stone is hit by Kevin Fiala and loses puck.
18:54 of 1st period - Snap shot by Alexander Wennberg.
18:54 of 1st period - Shot Misses the Net.
18:56 of 1st period - Snap shot by Alexander Wennberg.
18:56 of 1st period - Shot Misses the Net.
19:11 of 1st period - Ilya Mikheyev is hit by Elias Pettersson and loses puck.
19:30 of 1st period - Marcus Pettersson is hit by Vincent Trocheck and loses puck.
19:43 of 1st period - Snap shot by Morgan Geekie.
19:43 of 1st period - Stopped by Connor Hellebuyck without a rebound.
19:44 of 1st period - Robert Thomas wins face-off versus Travis Boyd in St.Louis Blues zone.
Goals for this period are 1 for San Jose Sharks vs 0 for St.Louis Blues.
Shots for this period are 13 for San Jose Sharks vs 9 for St.Louis Blues.

2nd period


0:01 of 2nd period - Travis Boyd wins face-off versus Brayden Point in neutral zone.
0:53 of 2nd period - Anthony Beauvillier is hit by Vincent Trocheck and loses puck.
1:14 of 2nd period - Joona Koppanen is hit by Casey Cizikas and loses puck.
1:47 of 2nd period - Slapshot by Andre Burakovsky.
1:47 of 2nd period - Deflect By Max Domi.
1:47 of 2nd period - Shot Misses the Net.
1:47 of 2nd period - Puck is out of play.
1:48 of 2nd period - Alexander Wennberg wins face-off versus Jack Eichel in St.Louis Blues zone.
1:49 of 2nd period - Slapshot by Kevin Fiala.
1:49 of 2nd period - Shot Hit the Post.
2:24 of 2nd period - Travis Boyd is hit by Connor Clifton.
2:40 of 2nd period - Snap shot by Mark Jankowski.
2:40 of 2nd period - Shot Misses the Net.
3:04 of 2nd period - Slapshot by Ilya Mikheyev.
3:04 of 2nd period - Stopped by Connor Hellebuyck without a rebound.
3:05 of 2nd period - Vincent Trocheck wins face-off versus Kevin Fiala in St.Louis Blues zone.
3:52 of 2nd period - Snap shot by Alexander Wennberg.
3:52 of 2nd period - Shot Misses the Net.
4:14 of 2nd period - Slapshot by Alexander Wennberg.
4:14 of 2nd period - Stopped by Connor Hellebuyck with a rebound.
4:16 of 2nd period - Slapshot by Josh Manson.
4:16 of 2nd period - Stopped by Connor Hellebuyck without a rebound.
4:17 of 2nd period - Robert Thomas wins face-off versus Travis Boyd in St.Louis Blues zone.
4:17 of 2nd period - Robert Thomas is hit by Travis Boyd.
4:23 of 2nd period - Jon Merrill is hit by Robert Thomas and loses puck.
4:49 of 2nd period - Wrist shot by Morgan Geekie.
4:49 of 2nd period - Stopped by Connor Hellebuyck with a rebound.
4:55 of 2nd period - Wrist shot by Jake Sanderson.
4:55 of 2nd period - Deflect By Jack Eichel.
4:55 of 2nd period - Stopped by Jakub Dobes with a rebound.
5:23 of 2nd period - Snap shot by Morgan Geekie.
5:23 of 2nd period - Stopped by Connor Hellebuyck without a rebound.
5:24 of 2nd period - Robert Thomas wins face-off versus Morgan Geekie in St.Louis Blues zone.
5:35 of 2nd period - Wrist shot by Robert Thomas.
5:35 of 2nd period - Stopped by Jakub Dobes with a rebound.
5:37 of 2nd period - Slapshot by Jake Guentzel.
5:37 of 2nd period - Shot Misses the Net.
5:39 of 2nd period - Slapshot by Brayden Point.
5:39 of 2nd period - Shot Misses the Net.
5:41 of 2nd period - Wrist shot by Jake Guentzel.
5:41 of 2nd period - Shot Misses the Net.
5:47 of 2nd period - Minor Penalty to Connor Murphy for Holding.
5:48 of 2nd period - Robert Thomas wins face-off versus Alexander Wennberg in San Jose Sharks zone.
7:12 of 2nd period - Icing by Mikhail Sergachev.
7:13 of 2nd period - Vincent Trocheck wins face-off versus Alexander Wennberg in St.Louis Blues zone.
7:38 of 2nd period - Mark Stone is hit by Josh Manson and loses puck.
7:47 of 2nd period - Penalty to Connor Murphy is over, Connor Murphy is back on ice.
10:26 of 2nd period - Max Domi is hit by Connor Clifton and loses puck.
10:41 of 2nd period - Snap shot by Jake Guentzel.
10:41 of 2nd period - Shot Blocked by Connor Murphy.
10:55 of 2nd period - Snap shot by Jack Eichel.
10:55 of 2nd period - Shot Misses the Net.
10:57 of 2nd period - Slapshot by Colton Parayko.
10:57 of 2nd period - Shot Blocked by Connor Murphy.
10:59 of 2nd period - Snap shot by Connor Clifton.
10:59 of 2nd period - Stopped by Jakub Dobes without a rebound.
11:00 of 2nd period - Jack Eichel wins face-off versus Travis Boyd in San Jose Sharks zone.
11:49 of 2nd period - Snap shot by Mark Jankowski.
11:49 of 2nd period - Stopped by Connor Hellebuyck without a rebound.
11:50 of 2nd period - Jake Guentzel wins face-off versus Casey Cizikas in St.Louis Blues zone.
12:24 of 2nd period - Max Domi is hit by Mark Stone and loses puck.
13:01 of 2nd period - Justin Barron is hit by Jake Sanderson and loses puck.
14:24 of 2nd period - Snap shot by Carter Verhaeghe.
14:24 of 2nd period - Stopped by Connor Hellebuyck without a rebound.
14:25 of 2nd period - Alexander Wennberg wins face-off versus Jack Eichel in St.Louis Blues zone.
14:57 of 2nd period - Snap shot by Robert Thomas.
14:57 of 2nd period - Stopped by Jakub Dobes without a rebound.
14:58 of 2nd period - Robert Thomas wins face-off versus Travis Boyd in San Jose Sharks zone.
15:09 of 2nd period - Wrist shot by Brayden Point.
15:09 of 2nd period - Deflect By Robert Thomas.
15:09 of 2nd period - Stopped by Jakub Dobes with a rebound.
15:11 of 2nd period - Minor Penalty to Marcus Pettersson for Roughing.
15:12 of 2nd period - Kevin Fiala wins face-off versus Robert Thomas in San Jose Sharks zone.
16:54 of 2nd period - Icing by Brandon Hagel.
16:55 of 2nd period - Vincent Trocheck wins face-off versus Kevin Fiala in St.Louis Blues zone.
17:11 of 2nd period - Penalty to Marcus Pettersson is over, Marcus Pettersson is back on ice.
17:24 of 2nd period - Mark Stone is hit by Andre Burakovsky and loses puck.
18:23 of 2nd period - Max Domi is hit by Alex Tuch and loses puck.
19:25 of 2nd period - Snap shot by Brandon Hagel.
19:25 of 2nd period - Stopped by Jakub Dobes without a rebound.
19:26 of 2nd period - Robert Thomas wins face-off versus Travis Boyd in San Jose Sharks zone.
19:39 of 2nd period - Snap shot by Max Domi.
19:39 of 2nd period - Shot Misses the Net.
19:59 of 2nd period - Snap shot by Anthony Beauvillier.
19:59 of 2nd period - Stopped by Connor Hellebuyck without a rebound.
Goals for this period are 0 for San Jose Sharks vs 0 for St.Louis Blues.
Shots for this period are 8 for San Jose Sharks vs 6 for St.Louis Blues.

3rd period


0:01 of 3rd period - Alexander Wennberg wins face-off versus Robert Thomas in neutral zone.
0:36 of 3rd period - Wrist shot by Brandon Hagel.
0:36 of 3rd period - Shot Misses the Net.
1:15 of 3rd period - Wrist shot by Brandon Tanev.
1:15 of 3rd period - Shot Misses the Net.
1:17 of 3rd period - Wrist shot by Casey Cizikas.
1:17 of 3rd period - Shot Misses the Net.
1:19 of 3rd period - Wrist shot by Brandon Tanev.
1:19 of 3rd period - Shot Misses the Net.
1:41 of 3rd period - Snap shot by Brandon Hagel.
1:41 of 3rd period - Stopped by Jakub Dobes with a rebound.
1:53 of 3rd period - Icing by Isac Lundestrom.
1:54 of 3rd period - Travis Boyd wins face-off versus Isac Lundestrom in St.Louis Blues zone.
1:55 of 3rd period - Wrist shot by Max Domi.
1:55 of 3rd period - Deflect By Travis Boyd.
1:55 of 3rd period - Shot Blocked by Logan O'Connor.
1:55 of 3rd period - Puck is out of play.
1:56 of 3rd period - Jake Guentzel wins face-off versus Travis Boyd in St.Louis Blues zone.
2:01 of 3rd period - Wrist shot by Robert Thomas.
2:01 of 3rd period - Shot Misses the Net.
2:03 of 3rd period - Snap shot by Brayden Point.
2:03 of 3rd period - St.Louis Blues goal is going for a video replay.
2:03 of 3rd period - The goal is refused. The net was displaced accidentally..
2:04 of 3rd period - Jake Guentzel wins face-off versus Alexander Wennberg in San Jose Sharks zone.
2:43 of 3rd period - Snap shot by Robert Thomas.
2:43 of 3rd period - Shot Blocked by Mattias Samuelsson.
2:45 of 3rd period - Slapshot by Colton Parayko.
2:45 of 3rd period - Deflect By Brayden Point.
2:45 of 3rd period - Stopped by Jakub Dobes with a rebound.
2:47 of 3rd period - Slapshot by Colton Parayko.
2:47 of 3rd period - Stopped by Jakub Dobes with a rebound.
2:49 of 3rd period - Snap shot by Jake Guentzel.
2:49 of 3rd period - Stopped by Jakub Dobes with a rebound.
2:51 of 3rd period - Slapshot by Jake Sanderson.
2:51 of 3rd period - Goal by Jake Sanderson - San Jose Sharks : 1 - St.Louis Blues : 1.
2:52 of 3rd period - Morgan Geekie wins face-off versus Jack Eichel in neutral zone.
2:54 of 3rd period - Off-side.
2:55 of 3rd period - Jack Eichel wins face-off versus Morgan Geekie in neutral zone.
3:08 of 3rd period - Slapshot by Marcus Pettersson.
3:08 of 3rd period - Stopped by Connor Hellebuyck with a rebound.
3:10 of 3rd period - Backhand shot by Anthony Beauvillier.
3:10 of 3rd period - Goal by Anthony Beauvillier - San Jose Sharks : 2 - St.Louis Blues : 1.
3:11 of 3rd period - Alexander Wennberg wins face-off versus Jack Eichel in neutral zone.
3:38 of 3rd period - Robert Thomas is hit by Anthony Beauvillier and loses puck.
4:05 of 3rd period - Marcus Pettersson is hit by Mikhail Sergachev and loses puck.
4:12 of 3rd period - Backhand shot by Elias Pettersson.
4:12 of 3rd period - Stopped by Jakub Dobes with a rebound.
4:23 of 3rd period - Off-side.
4:24 of 3rd period - Jack Eichel wins face-off versus Casey Cizikas in neutral zone.
4:37 of 3rd period - Snap shot by Jack Eichel.
4:37 of 3rd period - Stopped by Jakub Dobes with a rebound.
4:39 of 3rd period - Wrist shot by Brandon Hagel.
4:39 of 3rd period - Goal by Brandon Hagel - San Jose Sharks : 2 - St.Louis Blues : 2.
4:40 of 3rd period - Alexander Wennberg wins face-off versus Jack Eichel in neutral zone.
5:14 of 3rd period - Icing by Anthony Beauvillier.
5:15 of 3rd period - Robert Thomas wins face-off versus Morgan Geekie in San Jose Sharks zone.
5:16 of 3rd period - Backhand shot by Brayden Point.
5:16 of 3rd period - Stopped by Jakub Dobes with a rebound.
5:18 of 3rd period - Slapshot by Brayden Point.
5:18 of 3rd period - Deflect By Robert Thomas.
5:18 of 3rd period - Stopped by Jakub Dobes without a rebound.
5:19 of 3rd period - Robert Thomas wins face-off versus Travis Boyd in San Jose Sharks zone.
5:20 of 3rd period - Snap shot by Jake Guentzel.
5:20 of 3rd period - Stopped by Jakub Dobes with a rebound.
6:29 of 3rd period - Mikhail Sergachev is hit by Brandon Tanev and loses puck.
6:34 of 3rd period - Snap shot by Logan O'Connor.
6:34 of 3rd period - Shot Blocked by Justin Barron.
6:36 of 3rd period - Slapshot by Connor Clifton.
6:36 of 3rd period - Deflect By Joona Koppanen.
6:36 of 3rd period - Shot Blocked by Josh Manson.
6:36 of 3rd period - Puck is out of play.
6:37 of 3rd period - Travis Boyd wins face-off versus Robert Thomas in San Jose Sharks zone.
6:45 of 3rd period - Icing by Connor Murphy.
6:46 of 3rd period - Robert Thomas wins face-off versus Max Domi in San Jose Sharks zone.
7:01 of 3rd period - Wrist shot by Brayden Point.
7:01 of 3rd period - Shot Misses the Net.
7:09 of 3rd period - Snap shot by Jake Guentzel.
7:09 of 3rd period - Stopped by Jakub Dobes without a rebound.
7:10 of 3rd period - Jack Eichel wins face-off versus Alexander Wennberg in San Jose Sharks zone.
7:11 of 3rd period - Snap shot by Brandon Hagel.
7:11 of 3rd period - Shot Misses the Net.
7:29 of 3rd period - Jack Eichel is hit by Carter Verhaeghe and loses puck.
8:10 of 3rd period - Wrist shot by Andre Burakovsky.
8:10 of 3rd period - Shot Misses the Net.
8:29 of 3rd period - Brandon Tanev is hit by Colton Parayko and loses puck.
8:46 of 3rd period - Wrist shot by Robert Thomas.
8:46 of 3rd period - Stopped by Jakub Dobes without a rebound.
8:47 of 3rd period - Robert Thomas wins face-off versus Alexander Wennberg in San Jose Sharks zone.
9:17 of 3rd period - Brandon Hagel is hit by Morgan Geekie and loses puck.
9:25 of 3rd period - Icing by Alex Tuch.
9:26 of 3rd period - Max Domi wins face-off versus Jack Eichel in St.Louis Blues zone.
9:37 of 3rd period - Wrist shot by Jack Eichel.
9:37 of 3rd period - Shot Misses the Net.
9:39 of 3rd period - Slapshot by Mikhail Sergachev.
9:39 of 3rd period - Stopped by Jakub Dobes with a rebound.
9:41 of 3rd period - Snap shot by Jaccob Slavin.
9:41 of 3rd period - Shot Blocked by Marcus Pettersson.
9:43 of 3rd period - Slapshot by Jaccob Slavin.
9:43 of 3rd period - Shot Misses the Net.
9:45 of 3rd period - Wrist shot by Brandon Hagel.
9:45 of 3rd period - Shot Misses the Net.
9:47 of 3rd period - Slapshot by Mikhail Sergachev.
9:47 of 3rd period - Stopped by Jakub Dobes without a rebound.
9:48 of 3rd period - Alexander Wennberg wins face-off versus Robert Thomas in San Jose Sharks zone.
10:35 of 3rd period - Slapshot by Max Domi.
10:35 of 3rd period - Deflect By Andre Burakovsky.
10:35 of 3rd period - Stopped by Connor Hellebuyck with a rebound.
11:08 of 3rd period - Off-side.
11:09 of 3rd period - Jack Eichel wins face-off versus Alexander Wennberg in neutral zone.
11:17 of 3rd period - Icing by Marcus Pettersson.
11:18 of 3rd period - Jack Eichel wins face-off versus Kevin Fiala in San Jose Sharks zone.
12:10 of 3rd period - Off-side.
12:11 of 3rd period - Robert Thomas wins face-off versus Morgan Geekie in neutral zone.
12:14 of 3rd period - Wrist shot by Robert Thomas.
12:14 of 3rd period - Shot Blocked by Josh Manson.
12:16 of 3rd period - Snap shot by Brayden Point.
12:16 of 3rd period - Stopped by Jakub Dobes with a rebound.
12:43 of 3rd period - Slapshot by Logan O'Connor.
12:43 of 3rd period - Stopped by Jakub Dobes with a rebound.
12:45 of 3rd period - Slapshot by Connor Clifton.
12:45 of 3rd period - Deflect By Anthony Beauvillier.
12:45 of 3rd period - Stopped by Jakub Dobes without a rebound.
12:46 of 3rd period - Travis Boyd wins face-off versus Robert Thomas in San Jose Sharks zone.
12:56 of 3rd period - Snap shot by Brayden Point.
12:56 of 3rd period - Stopped by Jakub Dobes with a rebound.
12:58 of 3rd period - Snap shot by Jake Guentzel.
12:58 of 3rd period - Shot Misses the Net.
13:00 of 3rd period - Snap shot by Robert Thomas.
13:00 of 3rd period - Stopped by Jakub Dobes with a rebound.
13:02 of 3rd period - Slapshot by Jake Sanderson.
13:02 of 3rd period - Stopped by Jakub Dobes with a rebound.
13:12 of 3rd period - Casey Cizikas is hit by Vincent Trocheck and loses puck.
13:51 of 3rd period - Minor Penalty to Marcus Pettersson for Hooking.
13:52 of 3rd period - Jake Guentzel wins face-off versus Kevin Fiala in San Jose Sharks zone.
13:57 of 3rd period - Wrist shot by Brayden Point.
13:57 of 3rd period - Stopped by Jakub Dobes without a rebound.
13:58 of 3rd period - Kevin Fiala wins face-off versus Brayden Point in San Jose Sharks zone.
14:07 of 3rd period - Slapshot by Anthony Beauvillier.
14:07 of 3rd period - Deflect By Alexander Wennberg.
14:07 of 3rd period - Shot Blocked by Jake Guentzel.
14:07 of 3rd period - Puck is out of play.
14:08 of 3rd period - Alexander Wennberg wins face-off versus Robert Thomas in St.Louis Blues zone.
14:09 of 3rd period - Snap shot by Anthony Beauvillier.
14:09 of 3rd period - Stopped by Connor Hellebuyck without a rebound.
14:10 of 3rd period - Robert Thomas wins face-off versus Alexander Wennberg in St.Louis Blues zone.
14:42 of 3rd period - Icing by Jake Sanderson.
14:43 of 3rd period - Vincent Trocheck wins face-off versus Alexander Wennberg in St.Louis Blues zone.
15:12 of 3rd period - Slapshot by Vincent Trocheck.
15:12 of 3rd period - Stopped by Jakub Dobes without a rebound.
15:13 of 3rd period - Alexander Wennberg wins face-off versus Robert Thomas in San Jose Sharks zone.
15:51 of 3rd period - Penalty to Marcus Pettersson is over, Marcus Pettersson is back on ice.
15:56 of 3rd period - Icing by Logan O'Connor.
15:57 of 3rd period - Isac Lundestrom wins face-off versus Casey Cizikas in St.Louis Blues zone.
15:57 of 3rd period - Isac Lundestrom is hit by Mark Jankowski.
16:22 of 3rd period - Icing by Mattias Samuelsson.
16:23 of 3rd period - Vincent Trocheck wins face-off versus Ilya Mikheyev in San Jose Sharks zone.
16:38 of 3rd period - Anthony Beauvillier is hit by Mark Stone and loses puck.
17:00 of 3rd period - Snap shot by Elias Pettersson.
17:00 of 3rd period - Stopped by Jakub Dobes with a rebound.
17:02 of 3rd period - Snap shot by Mark Stone.
17:02 of 3rd period - Shot Blocked by Connor Murphy.
17:12 of 3rd period - Vincent Trocheck is hit by Kevin Fiala and loses puck.
17:21 of 3rd period - Wrist shot by Elias Pettersson.
17:21 of 3rd period - Stopped by Jakub Dobes with a rebound.
17:23 of 3rd period - Slapshot by Jaccob Slavin.
17:23 of 3rd period - Stopped by Jakub Dobes with a rebound.
17:25 of 3rd period - Slapshot by Jaccob Slavin.
17:25 of 3rd period - Deflect By Kevin Fiala.
17:25 of 3rd period - Stopped by Jakub Dobes without a rebound.
17:26 of 3rd period - Robert Thomas wins face-off versus Morgan Geekie in San Jose Sharks zone.
17:35 of 3rd period - Minor Penalty to Marcus Pettersson for Tripping.
17:36 of 3rd period - Robert Thomas wins face-off versus Kevin Fiala in San Jose Sharks zone.
17:40 of 3rd period - Wrist shot by Brayden Point.
17:40 of 3rd period - Shot Blocked by Connor Murphy.
17:50 of 3rd period - Snap shot by Brayden Point.
17:50 of 3rd period - Stopped by Jakub Dobes without a rebound.
17:51 of 3rd period - Alexander Wennberg wins face-off versus Robert Thomas in San Jose Sharks zone.
18:23 of 3rd period - Wrist shot by Brandon Hagel.
18:23 of 3rd period - Shot Blocked by Justin Barron.
18:25 of 3rd period - Slapshot by Jack Eichel.
18:25 of 3rd period - Shot Misses the Net.
18:27 of 3rd period - Slapshot by Alex Tuch.
18:27 of 3rd period - Goal by Alex Tuch - San Jose Sharks : 2 - St.Louis Blues : 3.
18:28 of 3rd period - Morgan Geekie wins face-off versus Vincent Trocheck in neutral zone.
18:34 of 3rd period - San Jose Sharks, Jakub Dobes is pulled from the net.
18:38 of 3rd period - Snap shot by Anthony Beauvillier.
18:38 of 3rd period - Shot Misses the Net.
18:40 of 3rd period - Snap shot by Morgan Geekie.
18:40 of 3rd period - Stopped by Connor Hellebuyck without a rebound.
18:41 of 3rd period - Morgan Geekie wins face-off versus Vincent Trocheck in St.Louis Blues zone.
18:55 of 3rd period - Off-side.
18:56 of 3rd period - Jeff Blashill call a timeout for San Jose Sharks.
18:56 of 3rd period - Vincent Trocheck wins face-off versus Carter Verhaeghe in neutral zone.
19:57 of 3rd period - Wrist shot by Vincent Trocheck.
19:57 of 3rd period - Shot Misses the Net.
Goals for this period are 1 for San Jose Sharks vs 3 for St.Louis Blues.
Shots for this period are 5 for San Jose Sharks vs 30 for St.Louis Blues.